Map: Romanticide LE

Players

Dream - Winner!

  • Race: Terran Terran
  • Spawn Location: 11:00

sOs

  • Race: Protoss Protoss
  • Spawn Location: 5:00

Event: IEM Katowice 2021

VOD

Have the link to the VOD?

Description

Time

  • Played on: Feb. 21, 2021, 8:23 a.m.
  • Length: 11:51

All games in this series

Show
View Real Time Build Order
Export as new Build Order

Dream Terran - Winner!

Build Orders:  

Get SALT Encoding   

  12  0:00  SCV  
  13  0:12  SCV  
  14  0:16  Supply Depot  
  14  0:24  SCV  
  15  0:38  SCV  
  15  0:39  Barracks  
  16  0:42  Refinery  
  16  0:50  SCV  
  17  1:02  SCV  
  18  1:14  SCV  
  19  1:26  Marine, Orbital Command  
  20  1:45  Command Center, Barracks Reactor  
  20  1:52  SCV  
  21  1:56  Supply Depot  
  21  2:04  SCV  
  22  2:12  Barracks  
  22  2:16  SCV  
  22  2:21  Marine x2  
  25  2:28  SCV  
  26  2:39  Marine x2  
  26  2:40  SCV  
  29  2:50  Command Center  
  28  2:53  SCV  
  29  2:59  Marine x2  
  29  3:02  Barracks Tech Lab  
  31  3:07  SCV  
  31  3:09  Orbital Command  
  32  3:17  Marine x2  
  32  3:19  SCV  
  35  3:20  Stimpack  
  35  3:22  Marine  
  36  3:28  Bunker  
  36  3:31  SCV  
  37  3:35  SCV  
  37  3:38  Marine x2  
  37  3:40  Marine  
  41  3:43  SCV  
  41  3:48  SCV  
  40  3:54  Factory, Engineering Bay  
  40  3:56  SCV  
  40  4:00  SCV, Marine  
  40  4:01  Marine x2  
  45  4:08  Orbital Command  
  45  4:09  SCV  
  46  4:17  SCV, Refinery  
  46  4:18  Marine  
  46  4:19  Marine x2  
  46  4:21  SCV  
  46  4:22  Terran Infantry Weapons Level 1  
  51  4:28  Missile Turret  
  51  4:31  SCV  
  51  4:32  Missile Turret  
  51  4:33  SCV  
  51  4:35  SCV  
  54  4:39  Marine  
  54  4:40  Marine  
  54  4:41  Marine  
  57  4:46  Starport  
  57  4:47  Factory Reactor  
  57  4:49  SCV x2  
  57  4:51  SCV  
  60  4:57  Marine  
  60  4:58  Barracks  
  61  5:03  Supply Depot  
  61  5:08  Refinery, Combat Shield  
  61  5:14  Supply Depot  
  61  5:15  Marine x2  
  61  5:17  SCV x2  
  61  5:18  SCV  
  66  5:25  Marine  
  67  5:28  Supply Depot  
  67  5:29  SCV x2  
  67  5:30  SCV  
  67  5:32  Marine  
  67  5:33  Medivac, Marauder  
  67  5:35  Supply Depot  
  75  5:40  Refinery  
  75  5:41  SCV  
  75  5:42  Medivac  
  78  5:47  Barracks Tech Lab  
  78  5:49  Marine  
  79  5:50  Marine  
  79  5:54  SCV x2  
  80  6:02  Marine  
  80  6:03  SCV  
  79  6:06  SCV, Marine  
  79  6:09  Orbital Command  
  79  6:10  Medivac, Marine x2  
  82  6:13  Barracks  
  82  6:14  Medivac  
  82  6:15  Barracks  
  84  6:21  SCV  
  84  6:24  Concussive Shells  
  84  6:25  Factory Reactor  
  85  6:27  Marine x2  
  85  6:28  SCV, Marine  
  89  6:33  SCV  
  89  6:35  SCV  
  89  6:36  Terran Infantry Armor Level 1  
  89  6:38  Supply Depot  
  89  6:39  Supply Depot  
  90  6:44  SCV  
  90  6:45  SCV  
  90  6:47  SCV  
  90  6:49  Marauder x2, Marine x2  
  97  6:56  SCV  
  97  6:58  Medivac, SCV  
  97  6:59  SCV  
  102  7:01  Medivac  
  102  7:07  Supply Depot  
  102  7:08  SCV  
  104  7:11  Marine x2, Barracks Reactor, Barracks Tech Lab  
  106  7:18  SCV x2  
  106  7:22  Marauder x2  
  112  7:23  Widow Mine x2  
  112  7:25  Supply Depot  
  112  7:28  Supply Depot  
  116  7:31  Marine x2  
  116  7:32  Viking  
  120  7:37  Engineering Bay  
  120  7:38  SCV  
  120  7:39  SCV  
  120  7:40  Armory  
  122  7:46  SCV  
  122  7:49  Marauder x3, Marine x2  
  122  7:50  Marine  
  132  7:52  Refinery  
  132  7:54  Marine, Supply Depot  
  133  8:02  Refinery  
  133  8:07  Marine x2  
  133  8:10  Widow Mine, Marauder  
  141  8:13  Marauder  
  141  8:16  Command Center  
  141  8:17  SCV x2, Supply Depot  
  141  8:18  Supply Depot  
  141  8:19  SCV  
  144  8:21  Marine x2  
  144  8:23  Ghost Academy  
  146  8:28  Supply Depot  
  146  8:30  Medivac  
  149  8:35  Supply Depot  
  149  8:36  SCV x2, Supply Depot, Terran Infantry Weapons Level 2  
  149  8:37  Terran Infantry Armor Level 2  
  149  8:41  Terran Ship Weapons Level 1  
  149  8:45  Marine  
  149  8:46  Marine x3  
  149  8:47  Supply Depot  
  152  8:54  Marauder x2  
  152  8:55  Marauder  
  158  9:05  Marine  
  158  9:09  Marine x2  
  158  9:15  Barracks x2  
  158  9:16  Marauder x2  
  162  9:17  Barracks  
  162  9:23  Marine x2  
  164  9:25  Viking x2  
  164  9:27  Enhanced Shockwaves  
  164  9:28  Ghost  
  170  9:34  SCV x3  
  170  9:36  Ghost x2  
  170  9:37  Marine x2  
  178  9:47  Widow Mine x2  
  178  9:48  Planetary Fortress  
  182  9:54  Marine x2  
  182  9:55  Missile Turret  
  182  9:56  Ghost  
  182  9:57  Sensor Tower  
  182  9:58  Marine x2  
  188  10:05  Marine, Barracks Reactor, Barracks Tech Lab x2, Ghost  
  191  10:13  Marine x2  
  197  10:23  Ghost, Viking  
  197  10:24  Viking  
  197  10:26  Starport  
  198  10:30  Refinery x2  
  198  10:32  Command Center  
  198  10:34  Ghost  
  198  10:47  Ghost  
  198  10:48  Marine  
  200  10:56  Ghost  
  195  10:57  Marine  
  175  11:09  Marine, Ghost x2  
  175  11:10  Marauder, Marine x2  
  175  11:11  Marine x2  
  175  11:16  Marine  
  175  11:17  Marauder  
  165  11:20  SCV  
  165  11:22  SCV x2  
  168  11:25  Marauder  
  168  11:27  SCV, Marine x2  
  168  11:28  Marine x2  
  168  11:29  Command Center  
  168  11:32  SCV  
  173  11:34  SCV x2  
Show
View Real Time Build Order
Export as new Build Order

sOs Protoss 

Build Orders: 1 Gate Expand, Zealot Archon, Archon Drop, Dark Templar Rush 

Get SALT Encoding   

  12  0:00  Probe  
  13  0:12  Probe  
  14  0:18  Pylon  
  14  0:24  Probe (Chrono Boost)  
  15  0:37  Probe (Chrono Boost), Gateway  
  16  0:44  Probe (Chrono Boost)  
  16  0:46  Assimilator  
  17  0:51  Probe  
  18  1:03  Probe  
  19  1:15  Probe  
  20  1:24  Cybernetics Core  
  20  1:34  Nexus  
  20  1:35  Probe  
  21  1:42  Pylon  
  21  1:47  Probe  
  21  1:50  Assimilator  
  22  1:58  Adept (Chrono Boost)  
  24  2:02  Shield Battery  
  24  2:05  Probe  
  25  2:08  Warp Gate  
  25  2:17  Probe  
  25  2:18  Adept (Chrono Boost)  
  28  2:29  Probe  
  29  2:32  Twilight Council  
  29  2:40  Adept  
  31  2:48  Probe (Chrono Boost)  
  32  2:51  Probe (Chrono Boost)  
  32  2:54  Robotics Facility  
  34  3:02  Probe (Chrono Boost)  
  34  3:03  Probe (Chrono Boost)  
  36  3:14  Probe x2 (Chrono Boost)  
  36  3:18  Dark Shrine  
  37  3:23  Probe (Chrono Boost)  
  37  3:25  Probe (Chrono Boost)  
  39  3:30  Gateway  
  39  3:33  Gateway  
  39  3:35  Probe x2  
  41  3:47  Warp Prism (Chrono Boost)  
  37  3:51  Probe x2  
  37  3:52  Assimilator  
  41  4:03  Pylon, Probe x2  
  43  4:10  Stalker  
  43  4:12  Shield Battery  
  43  4:15  Probe  
  46  4:21  Probe  
  47  4:27  Nexus  
  47  4:29  Pylon  
  47  4:40  Dark Templar  
  47  4:41  Dark Templar x2  
  47  4:44  Observer  
  54  4:47  Pylon  
  54  4:48  Probe (Chrono Boost)  
  54  4:49  Probe (Chrono Boost)  
  57  5:00  Probe (Chrono Boost)  
  57  5:01  Archon, Probe (Chrono Boost)  
  57  5:06  Pylon  
  58  5:07  Assimilator  
  58  5:08  Probe (Chrono Boost)  
  58  5:09  Probe (Chrono Boost)  
  58  5:12  Forge  
  58  5:13  Dark Templar  
  62  5:15  Probe  
  62  5:17  Archon  
  64  5:21  Probe (Chrono Boost)  
  64  5:24  Robotics Bay  
  64  5:26  Observer  
  64  5:27  Probe (Chrono Boost)  
  66  5:31  Shield Battery  
  67  5:37  Probe x2 (Chrono Boost)  
  67  5:41  Observer  
  67  5:42  Probe (Chrono Boost)  
  69  5:47  Probe (Chrono Boost)  
  69  5:48  Protoss Ground Weapons Level 1 (Chrono Boost), Observer  
  69  5:49  Probe (Chrono Boost)  
  71  5:51  Probe (Chrono Boost)  
  71  5:56  Probe (Chrono Boost)  
  73  6:03  Probe x2  
  75  6:08  Colossus (Chrono Boost)  
  75  6:11  Stalker x3  
  87  6:19  Probe x2  
  87  6:20  Probe  
  87  6:21  Pylon  
  87  6:22  Photon Cannon  
  89  6:28  Gateway  
  89  6:30  Extended Thermal Lance  
  89  6:31  Gateway  
  89  6:32  Pylon  
  89  6:33  Probe x3  
  89  6:37  Blink  
  92  6:41  Zealot x2  
  92  6:46  Photon Cannon  
  96  6:49  Pylon  
  96  6:50  Photon Cannon  
  96  6:53  Colossus (Chrono Boost)  
  96  6:59  Pylon  
  96  7:00  Probe  
  96  7:01  Assimilator, Probe x2  
  105  7:02  Assimilator  
  105  7:03  Observer  
  105  7:07  Forge  
  105  7:14  Zealot x2, Sentry  
  111  7:21  Gateway x2  
  111  7:25  Gateway  
  111  7:28  Pylon x2, Observer  
  111  7:31  Zealot  
  111  7:32  Zealot  
  111  7:36  Protoss Ground Armor Level 1 (Chrono Boost)  
  115  7:37  Shield Battery  
  115  7:39  Colossus  
  121  7:46  Stalker x3  
  127  7:56  Protoss Ground Weapons Level 2 (Chrono Boost)  
  127  7:57  Pylon  
  127  8:11  Zealot  
  129  8:15  Pylon  
  129  8:17  Pylon  
  128  8:20  Zealot x5  
  138  8:37  Immortal  
  138  8:38  Charge  
  138  8:41  Nexus  
  142  8:42  Pylon  
  142  8:45  Probe  
  142  8:46  Probe x2  
  145  8:51  Shadow Stride  
  145  8:58  Gateway  
  145  8:59  Stalker x3, Gateway  
  145  9:01  Probe x3  
  154  9:15  Shield Battery, Gravitic Drive  
  154  9:16  Pylon, Photon Cannon  
  154  9:21  Immortal  
  158  9:26  Stalker, Photon Cannon  
  158  9:28  Stalker  
  162  9:39  Templar Archives, Probe  
  162  9:40  Probe x2  
  165  9:54  Photon Cannon  
  165  10:02  Immortal  
  165  10:05  Robotics Facility  
  169  10:12  Probe x3  
  170  10:27  Pylon  
  168  10:32  Assimilator  
  168  10:35  Assimilator  
  168  10:39  Zealot x4  
  168  10:40  Zealot x5  
  184  10:47  Probe  
  165  11:08  Zealot x2  
  165  11:09  Zealot  
  140  11:14  Zealot x2  
  121  11:20  Probe x4  
  118  11:30  Stalker x3  
  118  11:32  Probe  
  131  11:33  Pylon  
  131  11:37  Pylon  
  131  11:38  Zealot x2  

Tags
 
Add a new tag
Caveats
  • Supply blocks, unpowered buildings, or Contaminate may cause inaccurate times.
  • Supply counts are checked every 10 seconds.